 Dungeon Crawl Stone Soup version 0.27.0-1-g7a089689b8 (webtiles) character file.

Game seed: 3721587418743008028

707 Spaninq the Vandal (level 7, -11/67 HPs)
             Began as a Deep Dwarf Chaos Knight on Aug 6, 2021.
             Was an Initiate of Gozag.
             Mangled by a chaos spawn (16 damage)
             ... summoned by Xom
             ... on level 4 of the Dungeon.
             The game lasted 00:13:53 (3700 turns).

Spaninq the Vandal (Deep Dwarf Chaos Knight)        Turns: 3700, Time: 00:13:53

Health: -11/67     AC: -13   Str: 18    XL:     7   Next: 40%
Magic:  0/6        EV: 11    Int: 14    God:    Gozag
Gold:   713        SH:  0    Dex: 12    Spells: 6/6 levels left

rFire    . . .     SeeInvis .   c - +2 executioner's axe (freeze)
rCold    . . .     Faith    .   (shield currently unavailable)
rNeg     . . .     Spirit   .   b - +2 leather armour
rPois    .         Reflect  .   j - +1 helmet
rElec    .         Harm     .   m - +2 cloak
rCorr    .         Rampage  .   (no gloves)
Will     +....                  e - +0 pair of boots
Stlth    +.........             (no amulet)
HPRegen  0.00/turn              (no ring)
MPRegen  0.10/turn              (no ring)

@: corroded
A: damage resistance, heal wounds, sense surroundings 1, no regeneration, clever
1, deformed body
a: Heal Wounds, Renounce Religion, Potion Petition, Call Merchant, Bribe Branch


You were on level 4 of the Dungeon.
You worshipped Gozag.
Gozag was pleased with you.
You visited 1 branch of the dungeon, and saw 4 of its levels.
You also visited: Sewer.

You collected 713 gold pieces.

Inventory:

Hand Weapons
 a - a +3 hunting sling
 c - a +2 executioner's axe of freezing (weapon)
 w - a +0 hand axe of freezing
Missiles
 g - 103 stones
 h - 41 sling bullets
Armour
 b - a +2 leather armour (worn)
 e - a +0 pair of boots (worn)
 j - a +1 helmet (worn)
 m - a +2 cloak (worn)
Scrolls
 d - 2 scrolls of identify
Potions
 f - a potion of resistance
 k - 2 potions of flight
 l - 2 potions of magic {unknown}
 n - 2 potions of brilliance
 o - 2 potions of curing


   Skills:
 + Level 5.0 Fighting
 - Level 3.8 Axes
 * Level 6.7 Slings
 - Level 2.5 Armour
 - Level 1.6 Dodging


You had 6 spell levels left.
You didn't know any spells.
Your spell library contained the following spells:

 Spells                   Type           Power      Damage    Failure   Level
 Foxfire                  Conj/Fire      0%         2x1d4     34%         1
 Conjure Flame            Conj/Fire      0%         6-21      71%         3
 Inner Flame              Hex/Fire       0%         N/A       71%         3
 Ozocubu's Armour         Ice            0%         N/A       71%         3
 Metabolic Englaciation   Hex/Ice        0%         N/A       100%        5
 Simulacrum               Ice/Necr       0%         N/A       100%        6


Dungeon Overview and Level Annotations

Branches:
Dungeon (4/15)              Sewer (visited)
 Temple: D:4-7

Altars:
Gozag
The Shining One


Innate Abilities, Weirdness & Mutations

You are resistant to damage.
You can heal yourself by infusing magical energy.
You passively map a small area around you.
You do not regenerate.
Your mind is acute. (Int +2)
Armour fits poorly on your strangely shaped body.


Message History

You kill the ufetubus!
You hit the rust devil. You miss the crimson imp.
The crimson imp closely misses you. The chaos spawn closely misses you.
You slash the chaos spawn! You freeze the chaos spawn.
The chaos spawn is heavily wounded.
You hit the rust devil but do no damage.
You miss the crimson imp. The chaos spawn hits you.
You feel your power leaking away.
The crimson imp hits you but does no damage.
The rust devil hits you. The rust devil corrodes you!
The chaos spawn gores you. The rust devil hits you.
The rust devil corrodes you!
You barely miss the chaos spawn.
The chaos spawn is heavily wounded.
You hit the rust devil but do no damage. x2
The chaos spawn hits you! Space warps horribly around you!
The rust devil hits you! The rust devil corrodes you! The rust devil hits you.
The rust devil corrodes you! The chaos spawn gores you.
You feel your power leaking away.
You miss the chaos spawn.
The chaos spawn is heavily wounded.
You hit the rust devil but do no damage. x2
The rust devil hits you. The rust devil corrodes you!
The rust devil barely misses you. The chaos spawn hits you!
The chaos spawn freezes you!
* * * LOW HITPOINT WARNING * * *
The rust devil hits you!
* * * LOW HITPOINT WARNING * * *
The rust devil corrodes you!
You hit the chaos spawn. You freeze the chaos spawn.
The chaos spawn is severely wounded.
You hit the rust devil but do no damage.
You hit the rust devil. The rust devil barely misses you.
The chaos spawn closely misses you. The rust devil hits you.
The rust devil corrodes you! The rust devil hits you.
* * * LOW HITPOINT WARNING * * *
The rust devil corrodes you! The chaos spawn hits you!
You die...
Xom bursts into laughter!
Your body crumbles into a pile of gold.

******* #..###....[...#..
*,,,,,* ##.............#.
*,,,,,*****################
*,,,,,,,,,,* ######
*,,,,,***### #####.....
*,,,,,,,,..#######.........
*********#.##.#............
#4##......###.....
#@#5...)### ##8...
#445....# ###.# #55...###
#... ##...## #._. #####
#... ####


You could see 2 rust devils, a chaos spawn (summoned), a quasit (summoned), a
crimson imp (summoned) and a shadow imp (summoned).

Vanquished Creatures
  An ogre (D:4)
  3 phantoms (D:4)
  A kobold brigand (Sewer)
  A scorpion (D:4)
  A jelly (D:4)
  An orc wizard (D:4)
  4 gnolls (D:4)
  6 adders
  4 river rats
  A worm (D:4)
  2 dart slugs
  4 orcs (D:4)
  2 ball pythons (D:1)
  7 bats
  7 endoplasms
  2 giant cockroaches (D:1)
  8 goblins
  5 hobgoblins
  2 jackals (Sewer)
  2 quokkas
  2 frilled lizards
  9 kobolds
  13 rats
88 creatures vanquished.

Notes
Turn   | Place    | Note
-------+----------+-------------------------------------------
     0 | D:1      | Spaninq the Deep Dwarf Chaos Knight began the quest for the
                  | Orb.
     0 | D:1      | Reached XP level 1. HP: 20/20 MP: 1/1
     7 | D:1      | Found a faded altar of an unknown god.
    24 | D:1      | Fell from the grace of Xom
    24 | D:1      | Became a worshipper of Gozag Ym Sagoz the Greedy
   169 | D:1      | XOM: 4-stop teleportation journey
   264 | D:1      | Reached XP level 2. HP: 22/27 MP: 2/2
  1193 | D:2      | Reached XP level 3. HP: 33/33 MP: 3/3
  1535 | D:2      | Reached skill level 1 in Slings
  1720 | D:2      | XOM: give mutation
  1720 | D:2      | Gained mutation: Your mind is acute. (Int +2) [Xom's
                  | mischief]
  2116 | D:3      | Reached skill level 2 in Slings
  2116 | D:3      | Reached XP level 4. HP: 39/42 MP: 4/4
  2263 | D:3      | Found an opulent altar of Gozag.
  2680 | D:4      | Identified a scroll of acquirement
  2680 | D:4      | Acquired a +2 executioner's axe of freezing
  2710 | D:4      | Noticed a scorpion
  2726 | D:4      | Killed a scorpion
  2727 | D:4      | Reached skill level 3 in Slings
  2727 | D:4      | Reached XP level 5. HP: 37/49 MP: 5/5
  2908 | D:4      | Found a glowing drain.
  2913 | Sewer    | Entered a sewer
  2926 | Sewer    | Reached skill level 4 in Slings
  2975 | Sewer    | XOM: give mutation
  2975 | Sewer    | Gained mutation: Armour fits poorly on your strangely
                  | shaped body. [Xom's mischief]
  3031 | Sewer    | Reached XP level 6. HP: 47/57 MP: 6/6
  3058 | Sewer    | Found a white marble altar of Elyvilon.
  3109 | D:4      | XOM: polymorph adder -> river rat
  3126 | D:4      | XOM: noise
  3207 | D:4      | Reached skill level 5 in Slings
  3295 | D:4      | Reached XP level 7. HP: 31/66 MP: 7/7
  3314 | D:4      | Reached skill level 6 in Slings
  3649 | D:4      | Reached skill level 5 in Fighting
  3657 | D:4      | Found a glowing golden altar of the Shining One.
  3693 | D:4      | XOM: summons 8 hostile demons
  3694 | D:4      | Noticed a rust devil
  3694 | D:4      | Noticed a chaos spawn
  3694 | D:4      | Noticed a rust devil
  3700 | D:4      | Mangled by a chaos spawn

Illustrated notes

Levels and vault maps discovered:
D:1:      minmay_arrival_stone_box, layout_basic, basic_ecumenical_altar,
          minmay_pentomino_t2
D:2:      layout_basic, minmay_goblin_outpost
D:3:      layout_loops_cross, grunt_gozag_statues, minmay_misc_feat_pillars,
          hex_large, grunt_decor_mini_mirrors, chequers_serial_rivers_small_3,
          serial_bayou_crossing
D:4:      layout_rooms, nicolae_tso_carved_into_rock, lightli_sewer_entry_pipes

Skill      XL: |  1  2  3  4  5  6  7 |
---------------+----------------------+-----
Fighting       | 3 4 5 |  5.0
Slings         | 2 3 4 5 6 |  6.7
Axes           | |  3.8
Armour         | |  2.5
Dodging        | |  1.6

Action                   |  1- 3 |  4- 6 |  7- 9 || total
-------------------------+-------+-------+-------++-------
Melee: Hand axe          |    73 |   184 |    43 ||   300
       Executioner's axe |       |       |     5 ||     5
 Fire: Hunting sling     |    16 |    33 |    24 ||    73
 Abil: Heal Wounds       |     1 |     2 |     5 ||     8
  Use: Scroll            |       |     7 |     1 ||     8
       Potion            |       |     1 |       ||     1
 Stab: Paralysed         |     4 |       |       ||     4
Armor: Leather armour    |    23 |    77 |    12 ||   112
Dodge: Dodged            |    32 |    71 |    42 ||   145
